 Dungeon Sprint DCSS version 0.24-a0-530-g18ba70b5 (webtiles) character file.

Game seed: 13372140433120984716

336 silentkaos13 the Fighter (level 6, -9/57 HPs)
             Began as a Demonspawn Chaos Knight on Aug 9, 2019.
             Was a Plaything of Xom.
             Mangled by a slime creature (12 damage)
             ... in the Dungeon (Sprint I: "Red Sonja").
             The game lasted 00:01:38 (603 turns).

silentkaos13 the Fighter (Demonspawn Chaos Knight)   Turns: 603, Time: 00:01:39

Health: -9/57      AC: 10    Str: 14    XL:     6   Next: 28%
Magic:  0/6        EV:  7    Int: 13    God:    Xom [*.....]
Gold:   151        SH:  0    Dex: 13    Spells: 5/5 levels left

rFire    + . .     SeeInvis .   a - +0 falchion (chaos)
rCold    . . .     Gourm    .   (no shield)
rNeg     . . .     Faith    .   j - +1 chain mail {rF+}
rPois    .         Spirit   +   (helmet restricted)
rElec    .         Reflect  .   (no cloak)
rCorr    .         Harm     .   (no gloves)
MR       .....     NoTele   +   (no boots)
Stlth    ..........             (no amulet)
HPRegen  0.19/turn              (no ring)
MPRegen  0.10/turn              (no ring)

@: no status effects
A: antennae 1, demonic guardian 1, magic shield
a: Renounce Religion


You were in the Dungeon.
You worshipped Xom.
You were a special plaything of Xom.
You were not hungry.

You visited 1 branch You collected 316 gold pieces.
You spent 165 gold pieces at shops.

Inventory:

Hand Weapons
 a - a +0 falchion of chaos (weapon)
Armour
 b - a +2 leather armour
 j - a +1 chain mail of fire resistance (worn)
Wands
 e - a wand of clouds (8)
Scrolls
 i - a scroll of blinking
Potions
 d - a potion of curing
 f - a potion of haste
 g - 2 potions of magic
 h - a potion of berserk rage
Comestibles
 c - a ration


   Skills:
 + Level 8.9 Fighting
 + Level 8.5 Long Blades
 + Level 4.8 Armour
 + Level 1.5 Dodging
 + Level 2.2 Stealth


You had 5 spell levels left.
You didn't know any spells.
Your spell library was empty.

Dungeon Overview and Level Annotations

Branches:
Dungeon (1/1)

Altars:
Cheibriados
Dithmenos
Elyvilon
Fedhas
Gozag
Hepliaklqana
Kikubaaqudgha
Makhleb
Nemelex Xobeh
Okawaru
Qazlal
Ru
Sif Muna
Trog
Uskayaw
Vehumet
Wu Jian
Xom
Yredelemnul
Zin
The Shining One
Jiyva
Lugonu

Shops:
D [


Innate Abilities, Weirdness & Mutations

You have a pair of small antennae on your head.
A weak demonic guardian rushes to your aid.
When hurt, damage is shared between your health and your magic reserves.


Message History

Your quasit bites the slime creature.
Your quasit claws the slime creature.
Your quasit claws the slime creature but does no damage.
The slime creature hits your quasit!!
Your quasit dies!
There is an open door here.
The slime creature hits your white imp!
Your iron imp hits the slime creature.
The slime creature hits your white imp!!
Your white imp dies!
Your iron imp hits the slime creature.
Your iron imp hits the slime creature!
You hit the slime creature.
The slime creature is heavily wounded.
The slime creature hits you!
* * * LOW HITPOINT WARNING * * *
The slime creature hits you but does no damage.
Your white imp gestures at the slime creature.
The puff of frost misses the slime creature.
The slime creature hits you!
You die...
Xom howls with laughter!

###################
#<.#..)..#..'..#__#
#..').#@J5).#..'..+
#..#####5#####'#__#
#..####..#...#.####
#..#__####..##[#
#..#_____##'#_.+
#⌠⌠#_.∩...†..._#
####_..__##_.#'#
#_____###+#)#
####### ###


You could see a slime creature (berserk), a friendly iron imp and a friendly
white imp.

Vanquished Creatures
  Sigmund (D)
  A jelly (D)
  Ijyb (D)
3 creatures vanquished.

Vanquished Creatures (collateral kills)
  A yak (D)
1 creature vanquished.

Grand Total: 4 creatures vanquished

Notes
Turn   | Place    | Note
-------+----------+-------------------------------------------
     0 | D        | silentkaos13 the Demonspawn Chaos Knight began the quest
                  | for the Orb.
     0 | D        | Reached XP level 1. HP: 18/18 MP: 1/1
     1 | D        | Noticed Ijyb
    15 | D        | Killed Ijyb
    15 | D        | Gained mutation: When hurt, damage is shared between your
                  | health and your magic reserves. [demonic ancestry]
    15 | D        | Reached XP level 2. HP: 17/26 MP: 2/2
    28 | D        | XOM: silly message
    97 | D        | XOM: noise
    98 | D        | Noticed an ogre
    98 | D        | XOM: noise
   100 | D        | Noticed a glowing shapeshifter
   100 | D        | an ogre changed into a glowing shapeshifter
   100 | D        | Noticed a mana viper
   100 | D        | a glowing shapeshifter changed into a mana viper
   101 | D        | XOM: snakes to sticks
   113 | D        | Noticed Sigmund
   121 | D        | Killed Sigmund
   121 | D        | Reached skill level 1 in Dodging
   121 | D        | Reached skill level 1 in Stealth
   121 | D        | Gained mutation: A weak demonic guardian rushes to your
                  | aid. [demonic ancestry]
   121 | D        | Reached XP level 3. HP: 31/36 MP: 3/3
   121 | D        | Gained mutation: You have a pair of small antennae on your
                  | head. [demonic ancestry]
   121 | D        | Reached XP level 4. HP: 37/43 MP: 4/4
   121 | D        | Reached XP level 5. HP: 42/48 MP: 5/5
   135 | D        | Found an ornate altar of the Wu Jian Council.
   135 | D        | Found a deep blue altar of Sif Muna.
   137 | D        | Found a radiant altar of Vehumet.
   145 | D        | HP: 1/48 [acid (4)]
   403 | D        | Found Vuist's Armour Emporium.
   403 | D        | Found an ancient bone altar of Kikubaaqudgha.
   403 | D        | Found a hazy altar of Hepliaklqana.
   403 | D        | Found a stormy altar of Qazlal.
   403 | D        | Found a hide-covered altar of Uskayaw.
   403 | D        | Found a blossoming altar of Fedhas.
   403 | D        | Found a bloodstained altar of Trog.
   403 | D        | Found an iron altar of Okawaru.
   403 | D        | Found a basalt altar of Yredelemnul.
   403 | D        | Found a glowing golden altar of the Shining One.
   403 | D        | Found a snail-covered altar of Cheibriados.
   403 | D        | Found a sacrificial altar of Ru.
   403 | D        | Found a glowing silver altar of Zin.
   403 | D        | Found a shadowy altar of Dithmenos.
   403 | D        | Found a white marble altar of Elyvilon.
   403 | D        | Noticed a yak
   408 | D        | Killed a yak
   408 | D        | Reached XP level 6. HP: 28/57 MP: 3/6
   428 | D        | XOM: god gift: ivory wand {god gift}
   429 | D        | Found an opulent altar of Gozag.
   437 | D        | Found a sparkling altar of Nemelex Xobeh.
   563 | D        | Bought a +1 chain mail of fire resistance for 165 gold
                  | pieces
   585 | D        | Found a burning altar of Makhleb.
   585 | D        | Found a viscous altar of Jiyva.
   585 | D        | Found a shimmering altar of Xom.
   585 | D        | Found a corrupted altar of Lugonu.
   585 | D        | Noticed a slime creature
   595 | D        | XOM: summons 5 friendly demons
   601 | D        | HP: 2/57 [slime creature (9)]
   603 | D        | Mangled by a slime creature

Levels and vault maps discovered:
D:        dungeon_sprint_1 [red_sonja_temple_1, red_sonja_temple_small_1]

Skill      XL: |  1  2  3  4  5 |
---------------+----------------+-----
Fighting       | 4 7 8 |  8.9
Long Blades    | 4 7 8 |  8.5
Armour         | 2 4 |  4.8
Dodging        | 1 |  1.5
Stealth        | 1 2 |  2.2

Action                   |  1- 3 |  4- 6 || total
-------------------------+-------+-------++-------
Melee: Falchion          |    23 |    19 ||    42
  Use: Potion            |       |     1 ||     1
 Stab: Confused          |     1 |       ||     1
Armor: Leather armour    |     6 |     1 ||     7
       Chain mail        |       |     2 ||     2
Dodge: Dodged            |     6 |     6 ||    12
       Rpst.: Falchion   |     3 |     1 ||     4

Table legend:
 A = Non-vault XP
 B = Vault XP
 C = Vault XP percentage of total XP
 D = Non-vault monster count
 E = Vault monster count
 F = Vault count percentage of total count
                 A         B        C        D         E       F
            +---------+---------+-------+---------+---------+-------
      Total |       0 |     481 | 100.0 |       0 |       4 | 100.0
            +---------+---------+-------+---------+---------+-------
          D |       0 |     481 | 100.0 |       0 |       4 | 100.0
            +---------+---------+-------+---------+---------+-------
